 Dungeon Crawl Stone Soup version 0.30-a0-953-g5f1da4a474 (webtiles) character file.

Game seed: 15822249308279633871

145 demibob the Slasher (level 5, 0/61 HPs)
             Began as a Demonspawn Berserker on Mar 28, 2023.
             Was a Believer of Trog.
             Slain by a skyshark (glowing shapeshifter) (12 damage)
             ... on level 3 of the Dungeon.
             The game lasted 00:03:53 (2390 turns).

demibob the Slasher (Demonspawn Berserker)          Turns: 2390, Time: 00:03:53

Health: 0/61       AC:  7    Str: 17    XL:     5   Next: 6%
Magic:  5/5        EV: 11    Int:  9    God:    Trog [**....]
Gold:   209        SH:  0    Dex: 14    Spells: 4/4 levels left

rFire   . . .      SeeInvis .    a - +0 falchion (chaos)
rCold   + . .      Faith    .    (no shield)
rNeg    . . .      Spirit   .    o - +1 ring mail {rC+}
rPois   .          Reflect  .    (no helmet)
rElec   .          Rampage  .    d - scarf {repulsion}
rCorr   .                        c - +0 pair of gloves
Will    .....                    (no boots) Stlth
                                 l - amulet of the acrobat
HPRegen 0.30/turn                (no ring)
MPRegen 0.09/turn                (no ring)

@: mighty, berserking, repel missiles, very quick
A: powered by pain 1
a: Renounce Religion, Berserk, Trog's Hand


You were on level 3 of the Dungeon.
You worshipped Trog.
Trog was pleased with you.
You visited 1 branch of the dungeon, and saw 3 of its levels.

You collected 209 gold pieces.


Innate Abilities, Weirdness & Mutations

You sometimes gain a little power by taking damage.


   Skills:
 - Level 3.0 Fighting
 + Level 5.3 Long Blades
 - Level 1.7 Armour
 - Level 1.7 Dodging


You had 4 spell levels left.
You didn't know any spells.
Your spell library was empty.

Inventory:

Hand Weapons
 a - a +0 falchion of chaos (weapon)
Missiles
 e - 2 atropa-tipped darts (quivered)
Armour
 c - a +0 pair of gloves (worn)
 d - a scarf of repulsion (worn)
 o - a +1 ring mail of cold resistance (worn)
Jewellery
 l - an amulet of the acrobat (around neck)
Wands
 b - a wand of paralysis (11)
Scrolls
 i - 3 scrolls of poison
Potions
 g - 2 potions of invisibility
 h - a potion of haste {unknown}
 j - 2 potions of might {unknown}
 k - a potion of lignification

Dungeon Overview and Level Annotations

Branches:
Dungeon (3/15)

Altars:
Dithmenos
Kikubaaqudgha
Uskayaw

Shops:
D:1

==
##.................######
........................#
.............#.#........#
#...#..#.............#..#
.#.#....#....#.#....#...#
##############.##########
#...###.## ##.## ..
.###.#)#.###.#####.# ##
##.###...####@l# #.##
####.##.### # ..# ##..##
#######################
......................#
~~~~~~~~~~~~~~≈~~~~≈~~~
~~~~≈~~≈≈~~~~~~~≈~≈~~~≈
......................#
###############'#######


You could see a skyshark shaped shifter.


Message History

The lindwurm breathes flames at you. The blast of flame hits you!!
Ouch! That really hurt!
* * * LOW HITPOINT WARNING * * *
You focus on the pain.
You feel very mighty all of a sudden.
You hear an angry hiss.
Use which ability? (? or * to list)
A red film seems to cover your vision as you go berserk!
You feel yourself moving faster!
You feel mighty!
A frilled lizard comes into view.
The lindwurm barely misses you. The lindwurm claws you.
* * * LOW HITPOINT WARNING * * *
The lindwurm claws you.
* * * LOW HITPOINT WARNING * * *
You hit the lindwurm. You burn the lindwurm.
The lindwurm is lightly wounded.
You hit the lindwurm.
You feel better.
The lindwurm is lightly wounded.
The lindwurm changes into a shining eye!
You hit the shining eye.
The shining eye suddenly seems more agile.
The shining eye is lightly wounded.
The shining eye changes into a skyshark!
You hit the skyshark.
The skyshark is lightly wounded.
You slash the skyshark!
The skyshark is lightly wounded.
The skyshark bites you!
You die...

Skill      XL: |  1  2  3  4 |
---------------+-------------+-----
Long Blades    | 3 4 5 |  5.3
Fighting       | |  3.0
Armour         | |  1.7
Dodging        | |  1.7

Action                     |  1- 3 |  4- 6 || total
---------------------------+-------+-------++-------
  Melee: Falchion          |   133 |    56 ||   189
         Punch             |     1 |       ||     1
 Invoke: Berserk           |     1 |     1 ||     2
         Trog's Hand       |     1 |       ||     1
    Use: Scroll            |     7 |     2 ||     9
   Stab: Sleeping          |     2 |       ||     2
         Petrified         |       |     1 ||     1
         Paralysed         |       |     1 ||     1
 Armour: Animal skin       |    25 |       ||    25
         Ring mail         |     5 |    19 ||    24
  Dodge: Dodged            |    89 |    32 ||   121

Levels and vault maps discovered:
D:1:      nagdon_arrival_zigzag_paths, layout_basic, serial_shops,
          nicolae_shop_crystal, nicolae_shop_trees
D:2:      layout_rooms
D:3:      wad_river_or_something, layout_rooms, eat_drink_and_be_merry_uskayaw,
          mainiacjoe_overflow_alcove_3, shapermc_ecumenical_altar_totnotflames

Notes
Turn   | Place    | Note
-------+----------+-------------------------------------------
     0 | D:1      | demibob the Demonspawn Berserker began the quest for the
                  | Orb.
     0 | D:1      | Reached XP level 1. HP: 18/18 MP: 1/1
    34 | D:1      | Found Anui's Jewellery Boutique.
    43 | D:1      | Reached skill level 3 in Long Blades
   113 | D:1      | Gained mutation: You sometimes gain a little power by
                  | taking damage. [demonic ancestry]
   113 | D:1      | Reached XP level 2. HP: 24/24 MP: 2/2
   381 | D:1      | Found Inwovong's Jewellery Shop.
   540 | D:1      | Reached XP level 3. HP: 21/29 MP: 3/3
   838 | D:2      | Reached ** piety under Trog
   949 | D:2      | Reached skill level 4 in Long Blades
  1591 | D:3      | Found a faded altar of an unknown god.
  1717 | D:3      | Found a hide-covered altar of Uskayaw.
  1792 | D:3      | Reached XP level 4. HP: 35/35 MP: 4/4
  1950 | D:3      | Reached skill level 5 in Long Blades
  2057 | D:3      | Found a shadowy altar of Dithmenos.
  2060 | D:3      | Found an ancient bone altar of Kikubaaqudgha.
  2179 | D:3      | Reached XP level 5. HP: 33/41 MP: 5/5
  2382 | D:3      | a dart slug changed into a glowing shapeshifter
  2382 | D:3      | Noticed a glowing shapeshifter (glowing shapeshifter)
  2382 | D:3      | a glowing shapeshifter changed into an orb spider
  2382 | D:3      | Noticed an orb spider (glowing shapeshifter)
  2383 | D:3      | an orb spider changed into a lindwurm
  2383 | D:3      | Noticed a lindwurm (glowing shapeshifter)
  2387 | D:3      | a lindwurm changed into a shining eye
  2387 | D:3      | Noticed a shining eye (glowing shapeshifter)
  2388 | D:3      | a shining eye changed into a skyshark
  2388 | D:3      | Noticed a skyshark (glowing shapeshifter)
  2390 | D:3      | Slain by a skyshark (glowing shapeshifter)

Vanquished Creatures
  A hound (D:3)
  5 adders
  3 worms (D:3)
  3 dart slugs (D:1)
  6 bats
  5 endoplasms
  3 giant cockroaches
  11 goblins
  4 hobgoblins
  2 quokkas
  5 ball pythons
  2 frilled lizards
  4 kobolds
  2 rats
56 creatures vanquished.

Table legend: (Time is in decaauts)
 A = Elapsed time spent in this place.
 B = Non-inter-level travel time spent in this place.
 C = Inter-level travel time spent in this place.
 D = Time resting spent in this place.
 E = Time spent auto-exploring this place.
 F = Levels seen in this place.
 G = Mean time per level.
                   A        B        C        D        E       F      G
               +--------+--------+--------+--------+--------+-----+--------+
         Total |   2420 |   2356 |     64 |    177 |   1730 |   3 |  806.7 |
       Dungeon |   2420 |   2356 |     64 |    177 |   1730 |   3 |  806.7 |
               +--------+--------+--------+--------+--------+-----+--------+

Top non-repeatable levels by time:
     D:3: 898 daAuts
     D:1: 843 daAuts
     D:2: 678 daAuts

Table legend:
 A = Non-vault XP
 B = Vault XP
 C = Vault XP percentage of total XP
 D = Non-vault monster count
 E = Vault monster count
 F = Vault count percentage of total count
                 A         B        C        D         E       F
            +---------+---------+-------+---------+---------+-------
      Total |     166 |      42 |  20.2 |      48 |       8 |  14.3
            +---------+---------+-------+---------+---------+-------
        D:1 |      46 |       0 |   0.0 |      23 |       0 |   0.0
        D:2 |      35 |       0 |   0.0 |      14 |       0 |   0.0
        D:3 |      85 |      42 |  33.1 |      11 |       8 |  42.1
            +---------+---------+-------+---------+---------+-------
